 Dungeon Crawl Stone Soup version 0.29.1-1-gd02db6906a (webtiles) character file.

Game seed: 12158844595887563772

107 mcbry74 the Chopper (level 4, -1/41 HPs)
             Began as a Minotaur Berserker on Sept 16, 2022.
             Was a Believer of Trog.
             Killed by divine providence
             ... invoked by an orc priest
              (12 damage)
             ... on level 3 of the Dungeon.
             The game lasted 00:06:00 (2322 turns).

mcbry74 the Chopper (Minotaur Berserker)            Turns: 2322, Time: 00:06:01

Health: -1/41      AC:  2    Str: 21    XL:     4   Next: 56%
Magic:  3/3        EV: 12    Int:  6    God:    Trog [**....]
Gold:   96         SH:  0    Dex: 10    Spells: 3/3 levels left

rFire   . . .      SeeInvis .   a - +0 hand axe
rCold   . . .      Faith    .   (no shield)
rNeg    . . .      Spirit   .   c - +0 animal skin
rPois   .          Reflect  .   (helmet restricted)
rElec   .          Harm     .   (no cloak)
rCorr   .          Rampage  .   (no gloves)
Will    .....                   (no boots)
Stlth   +.........              (no amulet)
HPRegen 0.13/turn               (no ring)
MPRegen 0.08/turn               (no ring)

@: no status effects
A: horns 2, retaliatory headbutt
a: Renounce Religion, Berserk, Trog's Hand


You were on level 3 of the Dungeon.
You worshipped Trog.
Trog was pleased with you.
You visited 1 branch of the dungeon, and saw 3 of its levels.

You collected 96 gold pieces.

Inventory:

Hand Weapons
 a - a +0 hand axe (weapon)
 b - a +0 sling
Armour
 c - a +0 animal skin (worn)
Wands
 o - a wand of polymorph (12)
Scrolls
 d - 3 scrolls of summoning {unknown}
 e - a scroll of amnesia {unknown}
 f - 2 scrolls of enchant weapon {unknown}
 g - 2 scrolls of teleportation {unknown}
 j - a scroll of fear {unknown}
 q - a scroll of noise {unknown}
 r - a scroll of identify {unknown}
 t - a scroll of immolation {unknown}
 u - a scroll of butterflies {unknown}
Potions
 h - a potion of brilliance {unknown}
 i - a potion of flight {unknown}
 k - 2 potions of cancellation {unknown}
 l - a potion of ambrosia {unknown}
 m - a potion of mutation {unknown}
 n - a potion of attraction {unknown}
 p - a potion of lignification {unknown}
 s - a potion of heal wounds {unknown}


   Skills:
 + Level 4.3 Fighting
 * Level 4.8 Axes
 + Level 1.5 Ranged Weapons
 + Level 3.1 Armour
 + Level 2.8 Dodging


You had 3 spell levels left.
You didn't know any spells.
Your spell library was empty.

Dungeon Overview and Level Annotations

Branches:
Dungeon (3/15)

Altars:


Innate Abilities, Weirdness & Mutations

You have a pair of horns on your head.
You reflexively headbutt those who attack you in melee.


Message History

The orc priest barely misses you.
You slash the orc priest!
You kill the orc priest!
Trog accepts your kill.
b - a +0 sling (weapon)
An orc priest comes into view. It is wielding a +0 war axe.
An orc wizard comes into view. It is wielding a +0 dagger.
Fire: b) +0 sling
Press: ? - help, Q - select action, (/) - cycle Shift-Dir - straight line, f - orc priest
Aim: an orc priest, wielding a +0 mace (54% to hit)
You shoot a sling bullet. The orc priest shouts!
The orc wizard shouts!
The sling bullet hits the orc priest.
The orc priest is moderately wounded.
a - a +0 hand axe (weapon)
An orc comes into view. It is wielding a +0 dagger.
The orc priest calls down the wrath of Beogh upon you.
Beogh smites you!
The orc shouts!
You hit the orc priest. You punch the orc priest.
The orc priest is severely wounded.
The orc priest hits you with a +0 mace.
You barely miss the orc priest.
The orc priest is severely wounded.
The orc priest hits you with a +0 mace.
You closely miss the orc priest.
The orc priest is severely wounded.
The orc priest begins to cast a cantrip, but forgets the words!
You hit the orc priest. Your headbutt misses the orc priest.
The orc priest is almost dead.
The orc priest calls down the wrath of Beogh upon you.
Pain shoots through your body!
* * * LOW HITPOINT WARNING * * *
The orc priest barely misses you.
You hit the orc priest. Your headbutt misses the orc priest.
The orc priest is almost dead.
The orc priest invokes the aid of Beogh against you.
Beogh smites you!
You die...

... #####.. .......
....... .......
.......
o.....o############
#o@[........#
#.#########.# #.#
#.# #.#########.#
#.#.......#.#
#.#.#####.#.#
#.#.#<....#.#
###.#######.#
##........#


You could see an orc priest and an orc.

Vanquished Creatures
  An orc priest (D:3)
  2 adders
  A gnoll (D:1)
  A worm (D:2)
  3 dart slugs
  An orc (D:3)
  A ball python (D:1)
  6 endoplasms
  2 giant cockroaches
  2 goblins
  3 hobgoblins
  4 jackals (D:1)
  A kobold (D:2)
  2 quokkas
  3 bats
  2 frilled lizards
  3 rats
38 creatures vanquished.

Vanquished Creatures (others)
  4 plants (D:1)
4 creatures vanquished.

Grand Total: 42 creatures vanquished

Notes
Turn   | Place    | Note
-------+----------+-------------------------------------------
     0 | D:1      | mcbry74 the Minotaur Berserker began the quest for the Orb.
     0 | D:1      | Reached XP level 1. HP: 19/19 MP: 0/0
   471 | D:1      | Reached XP level 2. HP: 27/27 MP: 1/1
   789 | D:1      | Found a faded altar of an unknown god.
   938 | D:1      | Reached XP level 3. HP: 26/33 MP: 2/2
  1224 | D:2      | Reached skill level 1 in Ranged Weapons
  1312 | D:2      | Reached ** piety under Trog
  2275 | D:3      | Reached XP level 4. HP: 40/40 MP: 3/3
  2322 | D:3      | Killed from afar by an orc priest

Illustrated notes

Levels and vault maps discovered:
D:1:      lightli_arrival_boilingwater, layout_basic, basic_ecumenical_altar,
          serial_bayou_lagoon_a
D:2:      layout_basic, chequers_decorated_corner
D:3:      cheibrodos_pilgrimage, layout_basic, nicolae_ru_awakened_eye,
          trog_hazing_becter

Skill      XL: |  1  2  3 |
---------------+----------+-----
Axes           | 4 |  4.8
Fighting       | 4 |  4.3
Ranged Weapons | 1 |  1.5
Armour         | 3 |  3.1
Dodging        | |  2.8

Action                   |  1- 3 |  4- 6 || total
-------------------------+-------+-------++-------
Melee: Hand axe          |    56 |    11 ||    67
       Headbutt          |     8 |     1 ||     9
       Punch             |       |     1 ||     1
 Fire: Sling             |    67 |     1 ||    68
Armor: Animal skin       |    11 |       ||    11
Dodge: Dodged            |    60 |     4 ||    64
